 Dungeon Sprint DCSS version 0.29-a0-337-g68df138881 (webtiles) character file.

Game seed: 12369457006507516464

14025 mhtbhm the Executioner (level 11, 0/124 HPs)
             Began as a Minotaur Berserker on Apr 17, 2022.
             Was the Champion of Trog.
             Killed by divine providence
             ... invoked by an orc high priest
              (15 damage)
             ... in the Dungeon (Sprint IX: "|||||||||||||||||||||||||||||").
             The game lasted 00:02:31 (1613 turns).

mhtbhm the Executioner (Minotaur Berserker)         Turns: 1613, Time: 00:02:32

Health: 0/124      AC: 23    Str: 27    XL:     11   Next: 83%
Magic:  0/10       EV: 11    Int:  4    God:    Trog [******]
Gold:   1279       SH:  0    Dex: 12    Spells: 10/10 levels left

rFire   . . .      SeeInvis .   a - +2 executioner's axe (flame)
rCold   . . .      Faith    .   (shield currently unavailable)
rNeg    . . .      Spirit   +   b - +0 plate armour
rPois   .          Reflect  .   (helmet restricted)
rElec   .          Harm     .   k - +0 cloak
rCorr   .          Rampage  .   s - +0 pair of gloves
Will    .....      NoTele   +   r - +0 pair of boots
Stlth   ..........              n - amulet of guardian spirit
HPRegen 0.30/turn               l - +2 ring of protection
MPRegen 0.12/turn               m - +3 ring of dexterity

@: on berserk cooldown, slowed, very slow
A: horns 2, retaliatory headbutt
a: Renounce Religion, Berserk, Trog's Hand, Brothers in Arms


You were in the Dungeon.
You worshipped Trog.
Trog was exalted by your worship.
You visited 1 branch You collected 1279 gold pieces.

Inventory:

Hand Weapons
 a - a +2 executioner's axe of flaming (weapon)
Missiles
 q - 6 poisoned darts (quivered)
Armour
 b - a +0 plate armour (worn)
 k - a +0 cloak (worn)
 r - a +0 pair of boots (worn)
 s - a +0 pair of gloves (worn)
Jewellery
 l - a +2 ring of protection (left hand)
 m - a +3 ring of dexterity (right hand)
 n - an amulet of guardian spirit (around neck)
Wands
 j - a wand of iceblast (8)
Scrolls
 h - 2 scrolls of blinking
 o - 4 scrolls of enchant weapon
 p - 3 scrolls of identify
Potions
 c - 6 potions of curing
 d - 6 potions of heal wounds
 e - 2 potions of haste
 f - 4 potions of magic
 g - a potion of berserk rage
 i - a potion of invisibility
 t - a potion of mutation {unknown}


   Skills:
 + Level 20.0 Fighting
 + Level 23.4 Axes
 + Level 14.5 Armour
 + Level 9.9 Dodging
 + Level 1.5 Stealth
 + Level 0.2 Evocations


You had 10 spell levels left.
You didn't know any spells.
Your spell library was empty.

Dungeon Overview and Level Annotations

Branches:
Dungeon (1/1)

Altars:
Cheibriados
Dithmenos
Elyvilon
Fedhas
Gozag
Hepliaklqana
Kikubaaqudgha
Makhleb
Nemelex Xobeh
Okawaru
Qazlal
Ru
Sif Muna
Trog
Uskayaw
Vehumet
Wu Jian
Xom
Yredelemnul
Zin
The Shining One
Beogh
Jiyva
Lugonu

Shops:
D *[**


Innate Abilities, Weirdness & Mutations

You have a pair of horns on your head.
You reflexively headbutt those who attack you in melee.


Message History

The orc high priest calls down the wrath of Beogh upon you.
Beogh smites you!
* * * LOW HITPOINT WARNING * * *
The ice devil hits you.
* * * LOW HITPOINT WARNING * * *
The ice devil freezes you!!
* * * LOW HITPOINT WARNING * * *
The orange demon closely misses you.
The orc high priest prays to Beogh.
The orc high priest hits you but does no damage.
The orc high priest utters an invocation to Beogh.
Unknown command.
Blink to where?
Press: ? - help, Dir - move target, p - orc high priest
As you read the scroll of blinking, it crumbles to dust.
Your stone giant goes berserk!
Unknown command.
Your stone giant hits the ice devil!!!
The ice devil dies!
The ice devil disappears in a puff of smoke!
Unknown command.
Your stone giant completely misses the orc high priest.
The orc high priest hits your stone giant but does no damage.
Your stone giant hits the orc high priest!!
The orc high priest hits your stone giant but does no damage.
Unknown command.
Your stone giant hits the orc high priest!!
The orc high priest dies!
Trog accepts your kill.
Your stone giant rages.
Your Fighting skill increases to level 20!
Unknown command.
Items here: ( ))))) [[[[[ ÷÷÷.
Items here: )) [[.
Items here: )) [[ ÷.
Unknown command.
You feel better.
The orc high priest mumbles some strange prayers to Beogh against you.
Beogh smites you!
You die...

.'________________________'.?).[[
▓▓▓▓▓▓▓▓▓▓▓▓▓▓▓▓▓▓▓▓▓▓▓▓▓▓▓▓▓▓▓▓▓
.................................
▓▓▓▓▓▓▓▓▓▓▓▓▓▓▓▓▓▓▓▓▓▓▓▓▓▓▓▓▓▓▓▓▓
......†.)......)†.........)†.††..
▓▓▓▓▓▓▓▓▓▓▓▓▓▓▓▓▓▓▓▓▓▓▓▓▓▓▓▓▓▓▓▓▓
..................)).............
▓▓▓▓▓▓▓▓▓▓▓▓▓▓▓▓▓▓▓▓▓▓▓▓▓▓▓▓▓▓▓▓▓
)))).)......')))@))C...o.)))4))∩4
▓▓▓▓▓▓▓▓▓▓▓▓▓▓▓▓▓▓▓▓▓▓▓▓▓▓▓▓▓▓▓▓▓


You could see an orc high priest (ally target) and a friendly stone giant
(summoned, berserk).

Vanquished Creatures
  Josephine (D)
  2 hydras (D)
  A centaur warrior (D)
  A two-headed ogre (D)
  4 orc high priests (D)
  A lindwurm (D)
  2 orc knights (D)
  An ugly thing (D)
  An orc sorcerer (D)
  2 black mambas (D)
  2 cane toads (D)
  A komodo dragon (D)
  4 tyrant leeches (D)
  A blink frog (D)
  4 wraiths (D)
  2 basilisks (D)
  2 yaks (D)
  A vampire mosquito (D)
  4 water moccasins (D)
  11 orc warriors (D)
  A black bear (D)
  2 wolves (D)
  2 centaurs (D)
  2 bullfrogs (D)
  A scorpion (D)
  A killer bee (D)
  A howler monkey (D)
  8 orc priests (D)
  3 orc wizards (D)
  A white imp (D)
  3 worms (D)
  7 orcs (D)
  2 bats (D)
  An endoplasm (D)
  A goblin (D)
  A quokka (D)
  A frilled lizard (D)
86 creatures vanquished.

Vanquished Creatures (collateral kills)
  An orc high priest (D)
1 creature vanquished.

Grand Total: 87 creatures vanquished

Notes
Turn   | Place    | Note
-------+----------+-------------------------------------------
     0 | D        | mhtbhm the Minotaur Berserker began the quest for the Orb.
     0 | D        | Reached XP level 1. HP: 19/19 MP: 0/0
     8 | D        | Reached skill level 4 in Axes
    10 | D        | Reached ** piety under Trog
    51 | D        | Noticed a scorpion
    51 | D        | Noticed a black bear
    55 | D        | Reached *** piety under Trog
    56 | D        | Reached XP level 2. HP: 28/28 MP: 1/1
    58 | D        | Killed a scorpion
    59 | D        | Reached skill level 6 in Axes
    59 | D        | Reached XP level 3. HP: 38/38 MP: 2/2
    64 | D        | Killed a black bear
    65 | D        | Reached skill level 8 in Axes
    65 | D        | Reached XP level 4. HP: 48/48 MP: 3/3
    65 | D        | Reached XP level 5. HP: 53/53 MP: 4/4
   119 | D        | Found a snail-covered altar of Cheibriados.
   119 | D        | Found a shadowy altar of Dithmenos.
   119 | D        | Found a white marble altar of Elyvilon.
   119 | D        | Found a blossoming altar of Fedhas.
   119 | D        | Found an opulent altar of Gozag.
   120 | D        | Found a hazy altar of Hepliaklqana.
   121 | D        | Found a viscous altar of Jiyva.
   122 | D        | Found an ancient bone altar of Kikubaaqudgha.
   123 | D        | Found a corrupted altar of Lugonu.
   124 | D        | Found a burning altar of Makhleb.
   125 | D        | Found a sparkling altar of Nemelex Xobeh.
   126 | D        | Found an iron altar of Okawaru.
   127 | D        | Found a stormy altar of Qazlal.
   128 | D        | Found a sacrificial altar of Ru.
   129 | D        | Found a shimmering blue altar of Sif Muna.
   130 | D        | Found a bloodstained altar of Trog.
   131 | D        | Found a hide-covered altar of Uskayaw.
   132 | D        | Found a radiant altar of Vehumet.
   133 | D        | Found an ornate altar of the Wu Jian Council.
   134 | D        | Found a shimmering altar of Xom.
   135 | D        | Found a basalt altar of Yredelemnul.
   136 | D        | Found a glowing silver altar of Zin.
   137 | D        | Found a glowing golden altar of the Shining One.
   202 | D        | Noticed a two-headed ogre
   202 | D        | Noticed a centaur
   202 | D        | Noticed an orc warrior
   202 | D        | Noticed an orc warrior
   208 | D        | Killed a two-headed ogre
   208 | D        | Reached **** piety under Trog
   209 | D        | Reached skill level 13 in Axes
   209 | D        | Reached XP level 6. HP: 59/70 MP: 5/5
   209 | D        | Reached XP level 7. HP: 63/75 MP: 6/6
   219 | D        | Reached skill level 14 in Axes
   225 | D        | Reached XP level 8. HP: 10/85 MP: 7/7
   529 | D        | Noticed a five-headed hydra
   529 | D        | Noticed a brown ugly thing
   529 | D        | Noticed a centaur warrior
   535 | D        | Killed a nine-headed hydra
   536 | D        | Reached skill level 15 in Axes
   543 | D        | Killed a brown ugly thing
   544 | D        | Reached skill level 16 in Axes
   544 | D        | Reached XP level 9. HP: 88/95 MP: 8/8
   547 | D        | Reached ***** piety under Trog
   553 | D        | Killed a centaur warrior
   554 | D        | Reached skill level 15 in Fighting
   554 | D        | Reached skill level 17 in Axes
   554 | D        | Reached skill level 10 in Armour
   699 | D        | Noticed a komodo dragon
   700 | D        | Noticed a black mamba
   714 | D        | Killed a komodo dragon
   716 | D        | Killed a black mamba
   717 | D        | Reached skill level 18 in Axes
   717 | D        | Reached XP level 10. HP: 107/107 MP: 9/9
   725 | D        | Received a gift from Trog
   738 | D        | Reached ****** piety under Trog
   788 | D        | Noticed a black mamba
   788 | D        | Noticed a cane toad
   789 | D        | Noticed a seven-headed hydra
   798 | D        | Killed a black mamba
   801 | D        | Noticed a cane toad
   802 | D        | Killed a five-headed hydra
   802 | D        | Received a gift from Trog
   803 | D        | Reached skill level 19 in Axes
   803 | D        | Killed a cane toad
   813 | D        | Killed a cane toad
   844 | D        | Noticed a lindwurm
   857 | D        | Reached skill level 20 in Axes
   857 | D        | Received a gift from Trog
   864 | D        | Killed a lindwurm
  1106 | D        | Noticed Josephine
  1118 | D        | Killed Josephine
  1118 | D        | Identified the +11 hand axe of Icrig {vorpal, rN+} (Trog
                  | gifted it to you in the Dungeon)
  1118 | D        | Received a gift from Trog
  1119 | D        | Reached XP level 11. HP: 112/119 MP: 8/10
  1132 | D        | Reached skill level 21 in Axes
  1193 | D        | Received a gift from Trog
  1205 | D        | Received a gift from Trog
  1357 | D        | Noticed an orc sorcerer
  1357 | D        | Noticed an orc knight
  1358 | D        | Noticed an orc knight
  1362 | D        | Killed an orc sorcerer
  1367 | D        | Killed an orc knight
  1371 | D        | Received a gift from Trog
  1372 | D        | Reached skill level 1 in Stealth
  1377 | D        | Killed an orc knight
  1387 | D        | Reached skill level 22 in Axes
  1567 | D        | Found Anyzeynk's Assorted Antiques.
  1567 | D        | Noticed an orc high priest
  1567 | D        | Noticed an orc high priest
  1568 | D        | Noticed an orc high priest
  1572 | D        | Found Umokao's Armour Shoppe.
  1577 | D        | Killed an orc high priest
  1577 | D        | Received a gift from Trog
  1579 | D        | Killed an orc high priest
  1580 | D        | Noticed an orc high priest
  1581 | D        | Found Beylameq's Assorted Antiques.
  1585 | D        | Noticed a sun demon
  1592 | D        | Killed an orc high priest
  1595 | D        | Noticed an orc high priest
  1595 | D        | Found Ycopim's Assorted Antiques.
  1597 | D        | Noticed an orc high priest
  1598 | D        | Killed an orc high priest
  1599 | D        | Reached skill level 23 in Axes
  1600 | D        | Noticed an orc high priest
  1603 | D        | HP: 1/124 [ice devil[an orc high priest] (20)]
  1608 | D        | Killed an orc high priest
  1613 | D        | Killed from afar by an orc high priest

Illustrated notes

Levels and vault maps discovered:
D:        linesprint [early_d, line_temple, items_1, d_10, items_2, lair_1,
          lair_end, items_3, orc_1, orc_end, items_4, d_15, swamp_1, shoals_1,
          snake_1, spider_1, d_20, vaults_1, items_5, swamp_end, shoals_end,
          snake_end, spider_end, vaults_end, d_27, items_6, zot_1, zot_end,
          crypt_end, forest_end, elf_end, slime_end, tomb_end, abyss_end,
          pan_hell_end]

Skill      XL: |  1  2  3  4  5  6  7  8  9 10 11 |
---------------+----------------------------------+-----
Fighting       | 4 6 8 11 12 14 15 18 20 | 20.0
Axes           | 4 6 8 13 14 16 18 20 23 | 23.4
Armour         | 3 4 6 7 9 11 13 14 | 14.5
Dodging        | 3 4 6 7 8 9 |  9.9
Stealth        | 1 |  1.5
Evocations     | |  0.2

Action                   |  1- 3 |  4- 6 |  7- 9 | 10-12 || total
-------------------------+-------+-------+-------+-------++-------
Melee: Hand axe          |    19 |     3 |       |       ||    22
       Headbutt          |     3 |     1 |    10 |    30 ||    44
       War axe           |       |     5 |    58 |    16 ||    79
       Punch             |       |       |     2 |       ||     2
       Executioner's axe |       |       |       |   155 ||   155
Invok: Berserk           |     1 |     1 |     2 |     4 ||     8
       Brothers in Arms  |       |       |       |     1 ||     1
Evoke: Wand              |       |       |       |     2 ||     2
  Use: Potion            |       |       |       |     2 ||     2
       Scroll            |       |       |       |     1 ||     1
Armor: Animal skin       |     3 |       |       |       ||     3
       Plate armour      |       |     1 |    21 |    56 ||    78
Dodge: Dodged            |    17 |     5 |    22 |    56 ||   100

Table legend: (Time is in decaauts)
 A = Elapsed time spent in this place.
 B = Non-inter-level travel time spent in this place.
 C = Inter-level travel time spent in this place.
 D = Time resting spent in this place.
 E = Time spent auto-exploring this place.
 F = Levels seen in this place.
 G = Mean time per level.
                   A        B        C        D        E       F      G
               +--------+--------+--------+--------+--------+-----+--------+
         Total |   1634 |   1634 |      0 |    775 |    146 |   1 | 1634.0 |
       Dungeon |   1634 |   1634 |      0 |    775 |    146 |   1 | 1634.0 |
               +--------+--------+--------+--------+--------+-----+--------+

Top non-repeatable levels by time:
       D: 1634 daAuts
